[Event "Early-Titled-Tuesday-Blitz-June-18-2024"]
[Site "Chess.com"]
[Date "2024.06.18"]
[Round "11"]
[White "Silent-Killer100"]
[Black "AjedrezInteligente"]
[Result "0-1"]
[WhiteElo "2568"]
[BlackElo "2448"]
[TimeControl "180+1"]
[EndTime "10:08:20 PDT"]
[Termination "AjedrezInteligente won by resignation"]

1. Nf3 d5 2. b3 f6 3. e3 e5 4. Nxe5 fxe5 5. Qh5+ Kd7 6. Nc3 Nf6 7. Qxe5 Bd6 8.
Qf5+ Ke8 9. Qg5 Bf8 10. Bb2 c6 11. Bd3 Kf7 12. e4 d4 13. Ne2 h6 14. Bc4+ Be6 15.
Bxe6+ Kxe6 16. Nxd4+ Kf7 17. Qf4 Bd6 18. Qf3 Re8 19.
O-O-O Be5 20. Nf5 Bxb2+ 21. Kxb2 Rxe4 22. Rhe1 Rxe1 23. Rxe1 Na6 24. Re7+ Qxe7 25. Nxe7 Kxe7 26.
Qg3 Kf7 27. d3 Re8 28. Qf4 Re7 29. Qf3 Nc7 30. a4 Nd5 31. h4 h5 32. Qf5 g6 33.
Qc8 a6 34. Qh8 Re2 35. Qb8 Re7 36. Qg3 a5 37. Qf3 b6 38. Qg3 c5 39. Qf3 Nb4 40.
Qf4 Kg7 41. Qf3 Nfd5 42. Kc1 Re1+ 43. Kd2 Re5 44. c3 Rf5 45. Qg3 Nc6 46. f3 Ne5 47. Qe1 Nf4 48. d4 cxd4 49. cxd4 Nxg2 50. Qe4 Nxf3+ 51. Kc3 Ngxh4 52. Qb7+ Kf6 53. Qxb6+ Kg5 54. Kc4 Ng2 55. d5 Nf4 56. d6 Ne5+ 57. Kc3 Nd5+ 0-1

[Event "Early-Titled-Tuesday-Blitz-June-18-2024"]
[Site "Chess.com"]
[Date "2024.06.18"]
[Round "11"]
[White "Supelyel"]
[Black "reniite"]
[Result "1-0"]
[WhiteElo "2414"]
[BlackElo "2253"]
[TimeControl "180+1"]
[EndTime "10:08:21 PDT"]
[Termination "Supelyel won by resignation"]

1. c4 e5 2. Nc3 Nf6 3. g3 Bc5 4. Bg2 d6 5. e3 a6 6. Nge2 Ba7 7. O-O O-O 8. d3 Bg4 9. Bxb7 Nbd7 10. Bg2 Rb8 11.
b3 h5 12. f3 Be6 13. Kh1 c6 14. e4 d5 15. Bg5 Qa5 16. Qd2 d4 17. Nd5 Qxd2 18.
Ne7+ Kh7 19. Bxd2 c5 20. f4 Bg4 21. Rae1 Bb6 22. Nc6 Rbe8 23. Nxe5 Nxe5 24. fxe5 Rxe5 25. Nf4 g6 26. Nd5 Nxd5 27. cxd5 Kg7 28. h3 Bc8 29. Bf4 Ree8 30. Bd6 Rg8 31. Rc1 Ba5 32. Bxc5 Bc3 33. Rxc3 dxc3 34. Bd4+ Kh6 35. Bxc3 f5 36. e5 Rd8 37. d6 Rge8 38. d4 g5 39. Bd2 Kg6 40. h4 gxh4 41. gxh4 Rd7 42. Kh2 Bb7 43. Bg5 Bxg2 44.
Kxg2 Rc8 45. Rf2 Rb8 46. Be7 Rb4 47. Rd2 Kf7 48. Bg5 Ke6 49. Kf3 Kd5 50. Kf4 Rxd4+ 51. Rxd4+ Kxd4 52. Kxf5 Kd5 53. Be7 Rb7 54. e6 Rb8 55. d7 Kc6 56. d8=Q Rxd8 57. Bxd8 Kb7 58. e7 1-0

[Event "Early-Titled-Tuesday-Blitz-June-18-2024"]
[Site "Chess.com"]
[Date "2024.06.18"]
[Round "11"]
[White "monomita"]
[Black "Lion-Al-Messi"]
[Result "0-1"]
[WhiteElo "2787"]
[BlackElo "2658"]
[TimeControl "180+1"]
[EndTime "10:08:25 PDT"]
[Termination "Lion-Al-Messi won by resignation"]

1. d4 Nf6 2. Nc3 d5 3. Bf4 a6 4.
e3 e6 5. g4 Bb4 6. Ne2 O-O 7.
g5 Nh5 8. h4 Nxf4 9. Nxf4 c5 10. dxc5 Bxc3+ 11. bxc3 Qa5 12. Qd2 Nc6 13. c4 Qxc5 14.
cxd5 exd5 15. Bg2 Bf5 16. O-O Rad8 17. c3 Be4 18. Rfd1 Rfe8 19. Bxe4 dxe4 20. Qc2 Qf5 21. Rxd8 Rxd8 22. f3 Qc5 23. Qxe4 Qxc3 24. Rf1 Qb2 25.
Qb1 Qe5 26. Re1 g6 27. Qxb7 Nd4 28. Kf2 Nf5 29. Qe4 Qa5 30. Re2 Qb5 31. h5 Re8 32. Qd3 Qe5 33. hxg6 hxg6 34. Qd5 Qe7 35. Qc6 Rd8 36.
Nh3 Rd2 37. Qc8+ Kh7 38. Rxd2 Qxe3+ 39. Kg2 Qxd2+ 40. Kg1 Qe1+ 41. Kg2 Qg3+ 0-1

[Event "Early-Titled-Tuesday-Blitz-June-18-2024"]
[Site "Chess.com"]
[Date "2024.06.18"]
[Round "11"]
[White "AnishOnYoutube"]
[Black "MagnusCarlsen"]
[Result "0-1"]
[WhiteElo "3082"]
[BlackElo "3187"]
[TimeControl "180+1"]
[EndTime "10:08:27 PDT"]
[Termination "MagnusCarlsen won by checkmate"]

1. e4 e6 2. d4 d5 3. Nc3 h6 4. Nf3 Nf6 5. exd5 exd5 6. Bd3 Bd6 7. O-O O-O 8. Re1 Nc6 9. Nb5 Nb4 10. Nxd6 Qxd6 11.
Ne5 Nxd3 12. Qxd3 Re8 13. Bf4 Qe6 14. Nf3 Ne4 15. Bxc7 Qc6 16. Bf4 Bf5 17. Qb3 f6 18. c3 g5 19. Be3 Kg7 20. Nd2 Nd6 21. f3 b5 22. Bf2 a5 23. a3 Bd3 24. h3 Nc4 25. Nxc4 bxc4 26. Qa2 Qa4 27. Rac1 Rab8 28. Bg3 Rb7 29. Qa1 Be2 30. Qb1 Rbe7 31. Qc2 Qc6 32. Qd2 a4 33. Rc2 Qd7 34. Rcc1 Qf5 35. Kh2 h5 36.
Bd6 Re6 37. Bg3 h4 38. Bc7 Kg6 39. Ra1 Bd3 40. Rxe6 Qxe6 41. Rd1 Qe2 42. Kg1 Qe6 43. Kh2 Qd7 44. Ba5 Qd6+ 45. Kg1 Re2 46. Qc1 Qg3 47.
Rd2 Qxg2# 0-1

[Event "Early-Titled-Tuesday-Blitz-June-18-2024"]
[Site "Chess.com"]
[Date "2024.06.18"]
[Round "11"]
[White "pouya21"]
[Black "slidingknight2775"]
[Result "0-1"]
[WhiteElo "2836"]
[BlackElo "2710"]
[TimeControl "180+1"]
[EndTime "10:08:27 PDT"]
[Termination "slidingknight2775 won by resignation"]

1. d4 Nf6 2. c4 e6 3. Nf3 d5 4.
g3 Be7 5. Bg2 O-O 6. Qc2 c5 7. dxc5 d4 8. b4 a5 9. b5 Bxc5 10. Bg5 h6 11. Bxf6 Qxf6 12. O-O e5 13.
Nfd2 Nd7 14. Ne4 Qe7 15. g4 Nf6 16. Nxf6+ Qxf6 17. h3 h5 18. gxh5 Qg5 19. Kh1 Qxh5 20. Qd3 f5 21. Nd2 e4 22. Qb3 Be6 23. Rae1 Rf6 24.
f4 Rg6 25. Kh2 Bd6 26. e3 d3 27. Qc3 Bb4 28. Qb2 Kf7 29. Rg1 Rh8 30. Ref1 Rxg2+ 31. Rxg2 Qxh3+ 32. Kg1 Qxe3+ 33. Rff2 Rh7 34. Nf1 Qb6 35. Qe5 Bc5 36. a4 Bxf2+ 37. Rxf2 Rh1+ 38. Kg2 Rh6 39. c5 Rg6+ 40. Kh2 Qd8 41. Rg2 Qh4+ 42. Kg1 Rxg2+ 43. Kxg2 Qg4+ 44. Kf2 Qf3+ 45. Kg1 d2 46. Qd4 d1=Q 0-1

[Event "Early-Titled-Tuesday-Blitz-June-18-2024"]
[Site "Chess.com"]
[Date "2024.06.18"]
[Round "11"]
[White "Mops_2004"]
[Black "KubaGepard"]
[Result "1-0"]
[WhiteElo "2813"]
[BlackElo "2655"]
[TimeControl "180+1"]
[EndTime "10:08:27 PDT"]
[Termination "Mops_2004 won by resignation"]

1. e4 e5 2. Nf3 Nc6 3. Bc4 Bc5 4.
d3 Nf6 5. Nc3 h6 6. h3 a6 7. Be3 Bxe3 8. fxe3 d6 9. a4 Be6 10.
Nd2 Bxc4 11. Nxc4 d5 12. exd5 Nxd5 13. Qf3 Nxc3 14. bxc3 O-O 15. e4 b5 16. Ne3 b4 17.
cxb4 Nxb4 18. O-O Qg5 19. a5 Rab8 20. Ra4 Nc6 21. Rc4 Nd4 22. Qf2 Qd8 23. c3 Ne6 24.
Nd5 Rb5 25. Qg3 Rxa5 26. Qxe5 Ra2 27. d4 Re2 28. Rc6 Ng5 29. Rf5 Rxe4 30. Qxc7 Qe8 31. Kh2 Re2 32. Rxh6 f6 33. Rh4 Qg6 34. Qf4 Nxh3 35.
Qg4 Qxg4 36. Rxg4 Ng5 37. c4 Rc8 38. c5 Kh7 39. Nb6 Rh8 40. Rh4+ Kg8 41. Rxh8+ Kxh8 42. c6 Rc2 43. d5 Kh7 44. Rf4 Kg6 45. Rc4 Re2 46. c7 Nf3+ 47. Kg3 1-0

[Event "Early-Titled-Tuesday-Blitz-June-18-2024"]
[Site "Chess.com"]
[Date "2024.06.18"]
[Round "11"]
[White "only_strong_moves"]
[Black "Dr_Pepper18"]
[Result "1/2-1/2"]
[WhiteElo "2627"]
[BlackElo "2456"]
[TimeControl "180+1"]
[EndTime "10:08:28 PDT"]
[Termination "Game drawn by stalemate"]

1. Nc3 d5 2. e3 Nf6 3. a4 e5 4.
g3 Bd6 5. Bg2 c6 6. Nge2 O-O 7. O-O h5 8. h4 Bg4 9. f3 Be6 10. d4 Re8 11. dxe5 Bxe5 12. Nf4 Bf5 13. e4 dxe4 14. Qxd8 Rxd8 15. fxe4 Bg4 16. Nd3 Bd4+ 17. Kh2 Nbd7 18. Bg5 Re8 19. Rae1 Ne5 20. Nf4 Nh7 21.
Nfe2 Bb6 22. Bf4 Rad8 23. b4 a5 24. bxa5 Bxa5 25. Rb1 b6 26. Bxe5 Rxe5 27. Rbd1 Rxd1 28. Rxd1 Nf6 29. Rd6 Rc5 30. e5 Rxe5 31. Bf1 Bxc3 32. Nxc3 Rc5 33. Rd3 Bf5 34. Rf3 Bxc2 35. Be2 Ng4+ 36.
Kg1 f5 37. Na2 Be4 38. Rb3 Rc2 39. Nc3 Rc1+ 40. Nd1 Bc2 41. Rc3 Rxd1+ 42. Bxd1 Bxd1 43. Rxc6 Bxa4 44. Rxb6 Kh7 45. Kg2 g6 46. Kf3 Kg7 47. Kf4 Nf6 48. Rb7+ Kh6 49. Rb8 Ne4 50. Rb6 Be8 51. Ra6 Bf7 52. Ra7 Kg7 53. Ra6 Bc4 54.
Ra7+ Kf6 55. Rc7 Be6 56. Rc6 Nf2 57. Rc3 Nh3+ 58. Ke3 Ke5 59. Rc5+ Bd5 60. Ra5 f4+ 61. gxf4+ Nxf4 62. Ra6 Kf5 63. Ra5 Ke5 64. Ra6 Ng2+ 65. Kf2 Nxh4 66. Kg3 Nf5+ 67. Kh3 g5 68. Rg6 g4+ 69.
Rxg4 hxg4+ 70. Kxg4 Be4 71. Kg5 Ne7 72. Kh6 Kf6 73.
Kh5 Ng6 74. Kh6 Nf8 75. Kh5 Ne6 76. Kh6 Bf5 77. Kh5 Be4 78. Kh6 Bf3 79. Kh7 Kf7 80. Kh8 Nf8 1/2-1/2

[Event "Early-Titled-Tuesday-Blitz-June-18-2024"]
[Site "Chess.com"]
[Date "2024.06.18"]
[Round "11"]
[White "eltenedor"]
[Black "maurovargas01"]
[Result "1-0"]
[WhiteElo "2129"]
[BlackElo "1943"]
[TimeControl "180+1"]
[EndTime "10:08:29 PDT"]
[Termination "eltenedor won on time"]

1. f4 e5 2. fxe5 d6 3. exd6 Bxd6 4. Nf3 Nf6 5. e3 Bg4 6. Be2 Ne4 7. d3 Bxf3 8. Bxf3 Qh4+ 9. g3 Bxg3+ 10. Ke2 Nf2 11.
hxg3 Qxg3 12. Qg1 Nxh1 13. Qxh1 c6 14. Nc3 Nd7 15. Ne4 Qg6 16. Qh2 O-O 17. Bd2 Ne5 18. Qxe5 Rae8 19. Qf4 f5 20. Nf2 Qf6 21. Bc3 Qe6 22.
Rg1 g6 23. Qd4 Qxe3+ 24. Qxe3 Rxe3+ 25. Kxe3 Re8+ 26. Kd2 Kf7 27. Nh3 Ke7 28. Nf4 Kd6 29.
Bd4 c5 30. Bf2 b6 31. c4 Rd8 32. Nd5 Kd7 33. Bg3 Rf8 34. Re1 g5 35. Re7+ Kd8 36. Bc7+ Kc8 37. Bh5 g4 38. Bd6 Kd8 39. Rxa7 h6 40.
Bxf8 Kc8 41. Bd6 f4 42. Be8 f3 43. Ra8+ Kb7 44. Rb8+ 1-0

[Event "Early-Titled-Tuesday-Blitz-June-18-2024"]
[Site "Chess.com"]
[Date "2024.06.18"]
[Round "11"]
[White "Zhigalko_Sergei"]
[Black "Witik"]
[Result "0-1"]
[WhiteElo "2976"]
[BlackElo "2826"]
[TimeControl "180+1"]
[EndTime "10:08:31 PDT"]
[Termination "Witik won on time"]

1. e4 e5 2. Nf3 Nc6 3. Bb5 a6 4. Ba4 Nf6 5. O-O b5 6. Bb3 Bc5 7.
a4 Rb8 8. axb5 axb5 9. Nc3 d6 10. Nd5 Nxd5 11. Bxd5 Ne7 12. Bb3 Bg4 13. Bxf7+ Kf8 14.
Bb3 Nc6 15. h3 Bh5 16. d3 Qf6 17. g4 Bf7 18. Bxf7 Kxf7 19. Bg5 Qe6 20. Be3 h6 21. Nh4 Rhf8 22. Ng2 Kg8 23. c3 Ne7 24. Bxc5 dxc5 25. f4 Qd6 26. fxe5 Qxe5 27. Qe2 Ng6 28. Qe3 b4 29. d4 cxd4 30. cxd4 Qb5 31. Rf5 Qc4 32. Rc1 Qa2 33. Rxc7 Qxb2 34. Qg3 Qxd4+ 35. Kh2 b3 36. Ra5 b2 37. Raa7 b1=Q 38. e5 Qxe5 39. Rxg7+ Qxg7 40. Ra6 Qbb7 41. Nf4 Qxa6 42. Nh5 Qe5 43. Nf6+ Qexf6 44. Qe5 Qxe5+ 0-1

[Event "Early-Titled-Tuesday-Blitz-June-18-2024"]
[Site "Chess.com"]
[Date "2024.06.18"]
[Round "11"]
[White "jcibarra"]
[Black "Aygehovit1992"]
[Result "1-0"]
[WhiteElo "3004"]
[BlackElo "2810"]
[TimeControl "180+1"]
[EndTime "10:08:32 PDT"]
[Termination "jcibarra won on time"]

1. e4 c5 2. Nf3 e6 3. c4 Nc6 4. Nc3 Nf6 5. Be2 e5 6. d3 d6 7. a3 Be7 8. b4 cxb4 9. axb4 Nxb4 10. Ba3 Nc6 11. O-O O-O 12. Nd5 Nxd5 13. cxd5 Nb8 14. d4 exd4 15. Nxd4 Nd7 16. f4 Nc5 17. Bf3 Bf6 18. e5 dxe5 19. fxe5 Bxe5 20. Bxc5 Re8 21. Qb3 Qh4 22. g3 Bxd4+ 23. Kh1 Qf6 24. Qa4 Bxc5 25. Qxe8+ Bf8 26. Bh5 Bf5 27. Qxf7+ Qxf7 28. Bxf7+ Kxf7 29. Rxf5+ Kg6 30. Rf3 Bc5 31. Rb3 b6 32. d6 a5 33.
d7 Rd8 34. Rd1 a4 35. Rf3 a3 36. Rff1 b5 37. Rd5 Be7 38. Rxb5 Rxd7 39. Ra5 h6 40. Kg2 Rd2+ 41. Rf2 Rd7 42. Re2 Rb7 43. h4 Kh7 44. Ra6 Bb4 45. h5 Bc5 46. Re5 Bb4 47.
Rf5 1-0

[Event "Early-Titled-Tuesday-Blitz-June-18-2024"]
[Site "Chess.com"]
[Date "2024.06.18"]
[Round "11"]
[White "Durarbayli"]
[Black "blitzking1729"]
[Result "0-1"]
[WhiteElo "2945"]
[BlackElo "2853"]
[TimeControl "180+1"]
[EndTime "10:08:33 PDT"]
[Termination "blitzking1729 won by resignation"]

1. d4 d5 2. c4 e6 3. Nc3 Nf6 4. cxd5 exd5 5. Bg5 Bb4 6. e3 Nbd7 7.
Bd3 c6 8. Ne2 O-O 9. Qc2 h6 10. h4 Re8 11. g4 hxg5 12. hxg5 Ne4 13. Bxe4 dxe4 14. g6 Qf6 15. gxf7+ Qxf7 16. g5 Nb6 17.
O-O-O Bf5 18. Rh4 Kf8 19. Ng3 Bd6 20. Ngxe4 Ke7 21. Qd2 Bb4 22. a3 Bxc3 23. Nxc3 Kd7 24. e4 Bg6 25. Rf4 Qe7 26. d5 Rad8 27. dxc6+ Kxc6 28.
Nd5 Qc5+ 29. Qc3 Qxc3+ 30. Nxc3 Rxd1+ 31. Kxd1 Nc4 32. Kc2 Nd6 33. f3 Nc4 34. a4 a5 35.
b3 Ne5 36. Nb5 Rh8 37. Kc3 Rh3 38. Nd4+ Kd7 39. Kd2 Bh5 40. Ke3 g6 41. Rf8 Ke7 42. Rf6 Ng4+ 43. Kf4 Nxf6 44. gxf6+ Kxf6 45. e5+ Ke7 46. Ke4 g5 47. f4 gxf4 48. Nf5+ Kd7 49. Kxf4 Rxb3 50. Kg5 Bf7 51. Nd4 Rb4 52. Nb5 Rxb5 53. axb5 a4 54. Kf6 Be6 0-1

[Event "Early-Titled-Tuesday-Blitz-June-18-2024"]
[Site "Chess.com"]
[Date "2024.06.18"]
[Round "11"]
[White "Caroexpert"]
[Black "esskeettit"]
[Result "0-1"]
[WhiteElo "2611"]
[BlackElo "2520"]
[TimeControl "180+1"]
[EndTime "10:08:33 PDT"]
[Termination "esskeettit won on time"]

1. d4 d5 2. c4 dxc4 3. e3 e5 4.
Bxc4 exd4 5. exd4 Nf6 6. Nf3 Bb4+ 7. Nc3 O-O 8. O-O Bg4 9. Be3 Nbd7 10. h3 Bh5 11. g4 Bg6 12. Ne5 Nxe5 13. dxe5 Bxc3 14. bxc3 Nd7 15. f4 Be4 16. e6 Nb6 17. exf7+ Kh8 18.
Qxd8 Raxd8 19. Bxb6 cxb6 20. Rad1 g6 21. Rd4 Bc6 22.
Be6 Kg7 23. f5 g5 24. h4 h6 25. f6+ Kg6 26. h5+ Kh7 27. Bf5+ Kh8 28. Be6 Kh7 29. Rfd1 Rb8 30. Rd6 a6 31. c4 a5 32. R1d4 Ra8 33. Bf5+ Kh8 34. Bg6 a4 35. Re6 a3 36.
Rdd6 Rac8 37. Kf2 Ra8 38. Ke3 b5 39. c5 b4 40. Rxc6 bxc6 41. Rxc6 b3 0-1

[Event "Early-Titled-Tuesday-Blitz-June-18-2024"]
[Site "Chess.com"]
[Date "2024.06.18"]
[Round "11"]
[White "Lady_Nika"]
[Black "Slovineanu"]
[Result "0-1"]
[WhiteElo "2515"]
[BlackElo "2557"]
[TimeControl "180+1"]
[EndTime "10:08:33 PDT"]
[Termination "Slovineanu won by resignation"]

1. d4 Nf6 2. e3 d5 3. f4 Bf5 4.
Nf3 e6 5. c3 c5 6. Bd3 Bxd3 7.
Qxd3 Nc6 8. Nbd2 Bd6 9. Ne5 O-O 10. O-O Rb8 11. Rf3 Ne7 12. Rh3 Ng6 13. a4 a6 14.
a5 cxd4 15. exd4 Nxf4 16. Qg3 Nxh3+ 17. gxh3 Ne4 18. Nxe4 dxe4 19. Bh6 Qf6 20. Bf4 Rbd8 21. Kh1 Bxe5 22. Bxe5 Qf3+ 23. Qxf3 exf3 24. Rf1 f6 25. Bc7 Rd7 26. Bb6 e5 27. Rxf3 exd4 28. Bxd4 Re8 29. Kg1 Re2 30. b4 Kf7 31. Rf5 Rde7 32. Rc5 Rc2 33.
Bf2 Ree2 34. Rf5 Rxc3 35. b5 Rcc2 36. bxa6 bxa6 37. Rf3 Rxf2 38. Rxf2 Rxf2 39. Kxf2 Ke6 40. Ke3 Ke5 41. h4 h5 42. h3 g6 43. Kf3 f5 44.
Ke3 f4+ 45. Ke2 Ke4 46. Kf2 f3 47. Kf1 Ke5 48. Kg1 Kf5 49. Kf1 Ke4 50. Kf2 Kf4 51. Kf1 Kg3 52. Kg1 Kxh3 53. Kf2 Kg4 54. Ke3 Kg3 0-1

[Event "Early-Titled-Tuesday-Blitz-June-18-2024"]
[Site "Chess.com"]
[Date "2024.06.18"]
[Round "11"]
[White "Austen48"]
[Black "Jeppesen08"]
[Result "0-1"]
[WhiteElo "2301"]
[BlackElo "2439"]
[TimeControl "180+1"]
[EndTime "10:08:34 PDT"]
[Termination "Jeppesen08 won by resignation"]

1. d4 f5 2. c4 Nf6 3. g3 e6 4.
Bg2 d5 5. Nd2 c6 6. Nh3 Bd6 7.
Qc2 O-O 8. Nf3 Ne4 9. O-O Nd7 10.
Nf4 Qe7 11. Nd3 g5 12. Nfe5 Nxe5 13. dxe5 Bc7 14. b4 a5 15. f3 axb4 16. fxe4 dxe4 17. Nf2 Bxe5 18. Bb2 Qc5 19. Bxe5 Qxe5 20. Kh1 c5 21. Nxe4 fxe4 22. Rxf8+ Kxf8 23. Rf1+ Kg7 24. Bxe4 Rxa2 25.
Qxa2 Qxe4+ 26. Kg1 Qd4+ 27. Rf2 Qd1+ 28. Kg2 Bd7 29.
Qb2+ Kg8 30. Qf6 Bc6+ 31. Kh3 g4+ 32. Kh4 Qd6 33. Qg5+ Kh8 34. Kxg4 Be4 35. Qf6+ Kg8 36. Qf7+ Kh8 37. Kh3 Bf5+ 38. g4 Bg6 39. Qf6+ Kg8 40. Rf3 b6 41. Qg5 Kg7 42. Qf4 Qxf4 43. Rxf4 b3 44. e4 b2 45. Rf1 Bxe4 46. Re1 b1=Q 47. Rxb1 Bxb1 48. Kg3 Bd3 49. Kf4 Bxc4 50. Ke5 b5 51.
Kd6 b4 52. Kxc5 b3 53. Kxc4 b2 54. Kd4 b1=Q 55. Ke5 Qf1 56. Kxe6 Kg6 57. h4 Qe1+ 58. Kd5 Qxh4 59. Ke5 Qxg4 60. Kd6 h5 61. Kd5 h4 62. Ke5 h3 0-1

[Event "Early-Titled-Tuesday-Blitz-June-18-2024"]
[Site "Chess.com"]
[Date "2024.06.18"]
[Round "11"]
[White "sirinbaba33"]
[Black "MatthewG-p4p"]
[Result "0-1"]
[WhiteElo "2435"]
[BlackElo "2816"]
[TimeControl "180+1"]
[EndTime "10:08:35 PDT"]
[Termination "MatthewG-p4p won by checkmate"]

1. e4 c5 2. Nf3 g6 3. d4 cxd4 4. Nxd4 Bg7 5. c4 Nc6 6. Be3 Qb6 7. Nb3 Qd8 8. Nd4 Nf6 9. Nc3 O-O 10. Be2 d6 11. f3 Nxd4 12. Bxd4 a5 13. Qd2 Bd7 14. O-O-O a4 15. Kb1 Bc6 16. h4 a3 17. b3 Qa5 18.
g4 h5 19. gxh5 Qxh5 20. Rdg1 Bh6 21. f4 Nxe4 22. Qc2 Qf5 23. Bd3 e5 24. Nxe4 exd4 25. h5 Qxf4 26. hxg6 f5 27. Ng3 Bxh1 28. Nxh1 Rae8 29.
Qg2 Re7 30. c5 Rfe8 31. Bc4+ Kg7 32. Rd1 Qe4+ 33. Qxe4 Rxe4 34. Ng3 Re1 35. Nxf5+ Kxg6 36. Bf7+ Kxf7 37. Rxe1 Rxe1+ 38. Kc2 Bf4 39. cxd6 Ke6 40. Nxd4+ Kxd6 41. Nf3 Re2+ 42. Kd3 Rxa2 43. Nd4 Kd5 44. Nb5 Ra1 45. Nc3+ Kc6 46. b4 Be5 47. Ne4 a2 48. Nd2 Rd1 49. b5+ Kxb5 50. Kc2 Rxd2+ 51. Kb3 Rb2+ 52.
Ka3 a1=Q# 0-1

[Event "Early-Titled-Tuesday-Blitz-June-18-2024"]
[Site "Chess.com"]
[Date "2024.06.18"]
[Round "11"]
[White "ImportedItalianMaple"]
[Black "Chessbard1972"]
[Result "1-0"]
[WhiteElo "2527"]
[BlackElo "2269"]
[TimeControl "180+1"]
[EndTime "10:08:35 PDT"]
[Termination "ImportedItalianMaple won by resignation"]

1. e4 e5 2. Nc3 Nc6 3. Bc4 Bc5 4. d3 Nf6 5. f4 d6 6. Nf3 Ng4 7. Qe2 Bf2+ 8. Kf1 Bb6 9. h3 Nf6 10. f5 h6 11. Nd5 Nh5 12. Qe1 Ne7 13. g4 Nxd5 14.
Bxd5 Nf4 15. Bxf4 exf4 16. Qh4 Qxh4 17. Nxh4 c6 18. Bb3 O-O 19. Kg2 a5 20. a4 d5 21.
exd5 cxd5 22. Bxd5 Re8 23. Rhe1 Bd7 24. Bxb7 Rab8 25. Bd5 Be3 26. b3 Kf8 27. Kf3 Re5 28. Be4 Rc5 29. Re2 Rbc8 30. Ra2 Bc6 31. Bxc6 R8xc6 32. Ng2 g5 33. Nxe3 fxe3 34. Kxe3 h5 35. c4 hxg4 36. hxg4 Rh6 37. Kd4 Rcc6 38. Rad2 Rh4 39.
Re4 Rb6 40. Kc3 Rh1 41. c5 Rbh6 42. Rc4 Ke7 43. c6 Kd8 44. Rc5 Kc7 45. Rxa5 Kxc6 46. Ra6+ Kc5 47. Rxh6 Rxh6 48. Re2 Rh4 49. Re5+ Kd6 50.
Re4 Rh1 51. a5 Kc5 52. a6 Kb6 53. Ra4 Rc1+ 54. Kd4 Rc8 55. a7 Rd8+ 56. Ke4 Ra8 57. Ke5 Rxa7 58. Rxa7 Kxa7 59. Kf6 Kb6 60. Kxg5 Kb5 61.
Kf6 Kb4 62. Kxf7 Kxb3 63. g5 Kc3 64. g6 Kxd3 65. g7 Ke4 66. g8=Q Kxf5 67. Qg6+ Ke5 68. Qf6+ Ke4 69. Qg5 Kd3 70. Qf4 Kc3 71. Qe4 1-0

[Event "Early-Titled-Tuesday-Blitz-June-18-2024"]
[Site "Chess.com"]
[Date "2024.06.18"]
[Round "11"]
[White "AndrewMaco"]
[Black "gilbert_gm"]
[Result "1-0"]
[WhiteElo "2725"]
[BlackElo "2860"]
[TimeControl "180+1"]
[EndTime "10:08:36 PDT"]
[Termination "AndrewMaco won on time"]

1. e4 e5 2. Nf3 Nc6 3. Bb5 a6 4. Ba4 Nf6 5. O-O Be7 6. Re1 b5 7. Bb3 O-O 8. a4 Rb8 9. c3 d5 10. exd5 Nxd5 11. axb5 axb5 12. d3 b4 13. Nxe5 Nxe5 14.
Rxe5 c6 15. Bxd5 cxd5 16. Bf4 bxc3 17. Nxc3 Rxb2 18. Rxd5 Qe8 19. Ne4 Be6 20. Rda5 Qc6 21. Be5 Rb5 22. Rxb5 Qxb5 23. Bd6 Bxd6 24. Nxd6 Qd5 25.
Ne4 Rd8 26. Qe2 h6 27. Rd1 Bf5 28. f3 Qd4+ 29. Qf2 Qa4 30. Qe2 Qd4+ 31. Nf2 Bg6 32. g3 Qd7 33. Kg2 Re8 34. Qd2 Qd4 35. Re1 Rb8 36. Qe3 Qd5 37. d4 Rb3 38. Qf4 Kh7 39. Re5 Qd7 40. Rc5 Rb2 41. Qe3 Qa7 42. Rc8 Qa4 43.
Qe8 Qxe8 44. Rxe8 Rd2 45. Rd8 Bf5 46. g4 Be6 47. Kg3 Ra2 48. Ne4 Ra3 49. d5 1-0

[Event "Early-Titled-Tuesday-Blitz-June-18-2024"]
[Site "Chess.com"]
[Date "2024.06.18"]
[Round "11"]
[White "tetrix83"]
[Black "GlavkonVVS"]
[Result "1-0"]
[WhiteElo "2679"]
[BlackElo "2540"]
[TimeControl "180+1"]
[EndTime "10:08:36 PDT"]
[Termination "tetrix83 won by resignation"]

1. e4 Nf6 2. e5 Nd5 3. d4 d6 4. c4 Nb6 5. exd6 cxd6 6. Nc3 g6 7.
Be3 Bg7 8. Rc1 O-O 9. b3 f5 10. Nh3 e5 11. dxe5 dxe5 12. Qxd8 Rxd8 13. c5 f4 14. Bd2 N6d7 15. Bc4+ Kf8 16. Ne4 h6 17. f3 Nc6 18. Nhf2 Nf6 19. b4 Bf5 20. Nd6 Rab8 21. b5 Nd4 22. Bb4 Nc2+ 23. Rxc2 Bxc2 24. c6 bxc6 25. Nf5+ Ke8 26. Nxg7+ Kd7 27. Ne6 cxb5 28. Nc5+ Kc6 29. Bb3 Nd5 30. Ba5 Bxb3 31. Nxb3 Rd7 32. Ke2 Ne3 33. Rc1+ Kd5 34. Ne4 b4 35. Nf6+ Ke6 36.
Nxd7 Kxd7 37. Nc5+ Ke7 38. Nd3 b3 39. Rc7+ Kd6 40. axb3 Rxb3 41. Rxa7 Nxg2 42. Bc7+ Kd5 43. Ra5+ Kc6 44. Bxe5 g5 45. Ra6+ Kd5 46. Rd6+ Kc4 47.
Rc6+ Kd5 48. Rc5+ Ke6 49. Bg7 Ra3 50. Rc2 Ne3 51. Rb2 Nf5 52. Bf8 Kf7 53. Bxa3 1-0

[Event "Early-Titled-Tuesday-Blitz-June-18-2024"]
[Site "Chess.com"]
[Date "2024.06.18"]
[Round "11"]
[White "ab-lsv"]
[Black "campochess"]
[Result "1-0"]
[WhiteElo "2346"]
[BlackElo "2198"]
[TimeControl "180+1"]
[EndTime "10:08:37 PDT"]
[Termination "ab-lsv won by resignation"]

1. d4 Nf6 2. c4 g6 3. Nc3 d5 4. Nf3 Bg7 5. Qb3 dxc4 6. Qxc4 c6 7. e4 O-O 8. Be2 Nbd7 9. O-O Nb6 10. Qb3 Bg4 11. Be3 a5 12. Rfd1 a4 13. Qc2 Qc8 14.
Rac1 Nfd7 15. h3 Bxf3 16. Bxf3 Nc4 17. Bg5 Nf6 18. e5 Nd7 19. Bxe7 Re8 20. Bg5 b5 21. Ne4 Ndb6 22. b3 axb3 23. axb3 Na5 24. Nd6 Qe6 25. Nxe8 Rxe8 26. Rb1 Nd5 27. Qc5 Bf8 28. Qa7 Bb4 29. Rdc1 Rc8 30. Bd1 Nc3 31. Rb2 Ne4 32. Be3 Bc3 33.
Rbb1 Bd2 34. Rc2 Bxe3 35. fxe3 Nxb3 36. Bf3 Nbd2 37. Rbc1 h5 38. Bxe4 Nxe4 39. Qb7 h4 40. Rxc6 Rxc6 41. Qxc6 Qf5 42. Qc2 b4 43. Rf1 b3 44. Rxf5 bxc2 45. Rf1 Nc3 46. Kf2 Na2 47.
Ke2 c1=Q 48. Rxc1 Nxc1+ 49. Kd2 Nb3+ 50. Kc3 Na5 51. d5 Kf8 52. Kb4 Ke7 53. Kxa5 g5 54. Kb5 1-0

[Event "Early-Titled-Tuesday-Blitz-June-18-2024"]
[Site "Chess.com"]
[Date "2024.06.18"]
[Round "11"]
[White "Javokhir_Sindarov05"]
[Black "ChessLover0108"]
[Result "1-0"]
[WhiteElo "3063"]
[BlackElo "2932"]
[TimeControl "180+1"]
[EndTime "10:08:38 PDT"]
[Termination "Javokhir_Sindarov05 won on time"]

1. e4 c5 2. Nf3 d6 3. d4 cxd4 4. Nxd4 Nf6 5. Bd3 Nc6 6. Be3 Ng4 7. Nxc6 bxc6 8. Bd2 g6 9. Bc3 Nf6 10. O-O Bg7 11.
Nd2 O-O 12. Kh1 Qc7 13. Qe1 e5 14. f4 Nd7 15. Rd1 d5 16. fxe5 Nxe5 17. Qg3 Qb8 18. Be2 Re8 19. exd5 cxd5 20. Rde1 Bb7 21. Bb5 Re6 22. Nb3 Bc6 23. Bxc6 Nxc6 24. Qf3 Qe8 25. Rxe6 fxe6 26. Bxg7 Kxg7 27. Qf6+ Kg8 28. Nc5 Nd8 29. h3 Rc8 30. b4 Qf7 31. Qa1 Qe7 32. Re1 Rc6 33.
a3 Nf7 34. Qd4 Rd6 35. Nd3 e5 36. Qc5 e4 37. Nf4 Qe5 38. Rf1 d4 39. Qc8+ Rd8 40.
Qb7 Qf5 41. Kg1 d3 42. Nxd3 exd3 43. Rxf5 dxc2 44. Rf1 1-0

[Event "Early-Titled-Tuesday-Blitz-June-18-2024"]
[Site "Chess.com"]
[Date "2024.06.18"]
[Round "11"]
[White "azikom"]
[Black "JosefineHeinemann"]
[Result "1/2-1/2"]
[WhiteElo "2677"]
[BlackElo "2482"]
[TimeControl "180+1"]
[EndTime "10:08:38 PDT"]
[Termination "Game drawn by agreement"]

1. c4 e6 2. Nc3 c5 3. e3 Nf6 4.
Nf3 d5 5. cxd5 exd5 6. Bb5+ Nc6 7. d4 cxd4 8. Nxd4 Bd7 9. O-O Bd6 10. Nf3 Bg4 11. h3 Bh5 12. b3 O-O 13. Bb2 Ne5 14. Be2 Rc8 15. Nxe5 Bxe5 16. Bxh5 Bxc3 17. Bxc3 Rxc3 18.
Bf3 Qa5 19. Qd4 Rfc8 20. Rfd1 Rc2 21. Bxd5 Qxd5 22. Qxd5 Nxd5 23. Rxd5 g6 24. Rd7 Rb2 25.
Rxb7 Rcc2 26. Rf1 Rxa2 27. g4 h6 28. Kg2 Rcb2 29. Kg3 Ra3 30. b4 Ra4 31. Rd1 Rbxb4 32. Re7 Re4 33. Rb7 Reb4 34. Rdd7 Rxb7 35. Rxb7 g5 36. h4 Kg7 37. h5 Ra3 38. Rc7 Ra4 39. Re7 Kf6 40. Rd7 Kg7 41. Rd6 Ra3 42. Kf3 Ra4 43. Rc6 Kh7 44. Rd6 Kg7 45. Kg3 Ra3 46. Rd7 Ra4 47. Re7 Kf6 48. Re8 Kg7 49.
e4 Ra3+ 50. f3 a5 51. e5 a4 52. Re7 Kf8 53. Ra7 Kg8 54. Ra8+ Kg7 55. Ra6 Ra1 56. Ra7 Kg8 57. Kf2 a3 58. Ra6 a2 59. Kg2 Re1 60. Rxa2 Rxe5 61. Ra6 Kg7 1/2-1/2